| TOP OF THE 1ST |
|
Erie SeaWolves batting - Pitching for Bowie Baysox : RHP Andy Rondeau
|
|
Pitching: RHP Andy Rondeau
|
|
|
Batting: RHB Yaremka Rzhevsky
|
0-0: Called Strike 0-1: Foul Ball, location: 2F 0-2: Fly out, F9 (Flyball, 9, EV 90.0 MPH)
|
|
Batting: RHB Josh Stinnett
|
0-0: Ball 1-0: DOUBLE (Line Drive, 9LD, EV 112.5 MPH)
|
|
Batting: RHB Steve Clark
|
0-0: Ball Josh Stinnett is caught stealing 3rd base 2-5 1-0: Ball 2-0: Swinging Strike 2-1: Ball 3-1: Called Strike 3-2: SINGLE (Line Drive, 4D, EV 94.4 MPH)
|
|
Batting: RHB Dave Calder
|
0-0: Fly out, F8 (Line Drive, 8RD, EV 103.1 MPH)
|
| Top of the 1st over - 0 runs, 2 hits, 0 errors, 1 left on base; Erie 0 - Bowie 0 |
| BOTTOM OF THE 1ST |
|
Bowie Baysox batting - Pitching for Erie SeaWolves : LHP John McRight
|
|
Pitching: LHP John McRight
|
|
|
Batting: RHB Orlando Melchor
|
0-0: Ball 1-0: Foul Ball, location: 2F 1-1: Ground out 5-3 (Groundball, 56S, EV 90.6 MPH)
|
|
Batting: SHB Ryan Palermo
|
0-0: Swinging Strike 0-1: Ball 1-1: Ball 2-1: Fly out, F5 (Flyball, 5D, EV 75.0 MPH)
|
|
Batting: RHB Dermott Neill
|
0-0: Foul Ball, location: 2F 0-1: Foul Ball, location: 2F 0-2: SINGLE (Groundball, 56D, EV 107.5 MPH)
|
|
Batting: RHB Andy Chess
|
0-0: Called Strike 0-1: Ball 1-1: Ball 2-1: Ball 3-1: Called Strike 3-2: Strikes out looking
|
| Bottom of the 1st over - 0 runs, 1 hit, 0 errors, 1 left on base; Erie 0 - Bowie 0 |
| TOP OF THE 2ND |
|
Erie SeaWolves batting - Pitching for Bowie Baysox : RHP Andy Rondeau
|
|
Batting: RHB Joel Miller
|
0-0: Ball 1-0: Fly out, F9 (Flyball, 9D, EV 100.6 MPH)
|
|
Batting: LHB Oscar Gonzalez
|
0-0: Ball 1-0: Ball 2-0: Ball 3-0: Called Strike 3-1: Base on Balls
|
|
Batting: RHB Dusty Newman
|
0-0: Ball 1-0: Fielders Choice at 2nd, 4-6 (Groundball, 4, EV 110.0 MPH)
|
|
Batting: RHB Sergio Valbuena
|
0-0: Called Strike 0-1: Foul Ball, location: 2F 0-2: Ball 1-2: Foul Ball, location: 2F 1-2: Fielders Choice at 2nd, 6-4 (Groundball, 6, EV 100.6 MPH)
|
| Top of the 2nd over - 0 runs, 0 hits, 0 errors, 1 left on base; Erie 0 - Bowie 0 |
| BOTTOM OF THE 2ND |
|
Bowie Baysox batting - Pitching for Erie SeaWolves : LHP John McRight
|
|
Batting: SHB Justin Toth
|
0-0: Called Strike 0-1: Ball 1-1: Ball 2-1: Swinging Strike 2-2: Ball 3-2: Strikes out swinging
|
|
Batting: SHB Tony Pantaleon
|
0-0: Ball 1-0: SOLO HOME RUN (Flyball, 7D, EV 96.3 MPH), Distance : 387 ft
|
|
Batting: LHB Andrew Erens
|
0-0: Ball 1-0: Ball 2-0: Swinging Strike 2-1: Fly out, F9 (Flyball, 9S, EV 91.3 MPH)
|
|
Batting: RHB Danny Merrill
|
0-0: Ball 1-0: Foul Ball, location: 2F 1-1: Ball 2-1: Swinging Strike 2-2: Ball 3-2: Strikes out swinging
|
| Bottom of the 2nd over - 1 run, 1 hit, 0 errors, 0 left on base; Erie 0 - Bowie 1 |
| TOP OF THE 3RD |
|
Erie SeaWolves batting - Pitching for Bowie Baysox : RHP Andy Rondeau
|
|
Batting: SHB Mike Kirk
|
0-0: Called Strike 0-1: Called Strike 0-2: Strikes out looking
|
|
Batting: RHB Yaremka Rzhevsky
|
0-0: Called Strike 0-1: Fly out, F8 (Line Drive, 8LD, EV 86.9 MPH)
|
|
Batting: RHB Josh Stinnett
|
0-0: Foul Ball, location: 2F 0-1: Foul Ball, location: 2F 0-2: Foul Ball, location: 2F 0-2: Strikes out swinging
|
| Top of the 3rd over - 0 runs, 0 hits, 0 errors, 0 left on base; Erie 0 - Bowie 1 |
| BOTTOM OF THE 3RD |
|
Bowie Baysox batting - Pitching for Erie SeaWolves : LHP John McRight
|
|
Batting: SHB Eric Tiehen
|
0-0: Called Strike 0-1: Ball 1-1: Ground out 6-3 (Groundball, 6, EV 85.6 MPH)
|
|
Batting: RHB Orlando Melchor
|
0-0: Foul Ball, location: 2F 0-1: Ball 1-1: Ball 2-1: Ball 3-1: Ground out U3 (Groundball, 3, EV 85.0 MPH)
|
|
Batting: SHB Ryan Palermo
|
0-0: Called Strike 0-1: Ball 1-1: Swinging Strike 1-2: Ground out 4-3 (Groundball, 4M, EV 88.8 MPH)
|
| Bottom of the 3rd over - 0 runs, 0 hits, 0 errors, 0 left on base; Erie 0 - Bowie 1 |
| TOP OF THE 4TH |
|
Erie SeaWolves batting - Pitching for Bowie Baysox : RHP Andy Rondeau
|
|
Batting: RHB Steve Clark
|
0-0: Ball 1-0: Ball 2-0: SINGLE (Groundball, 56D, EV 101.9 MPH)
|
|
Batting: RHB Dave Calder
|
0-0: Foul Ball, location: 2F 0-1: Ball 1-1: SINGLE (Groundball, 5S, EV 73.1 MPH) (infield hit) Steve Clark to second
|
|
Batting: RHB Joel Miller
|
0-0: Hit by Pitch Steve Clark to third Dave Calder to second
|
|
Batting: LHB Oscar Gonzalez
|
0-0: Ball 1-0: Fly out, F8 (Flyball, 8RXD, EV 89.4 MPH) Runner from 3rd tags up, SCORES, no throw by CF
|
|
Batting: RHB Dusty Newman
|
0-0: Called Strike 0-1: Ball 1-1: Ball 2-1: Foul Ball, location: 2F 2-2: Foul Ball, location: 2F 2-2: Grounds into double play, 4-6-3 (Groundball, 4, EV 85.0 MPH)
|
| Top of the 4th over - 1 run, 2 hits, 0 errors, 1 left on base; Erie 1 - Bowie 1 |
| BOTTOM OF THE 4TH |
|
Bowie Baysox batting - Pitching for Erie SeaWolves : LHP John McRight
|
|
Batting: RHB Dermott Neill
|
0-0: Called Strike 0-1: DOUBLE (Flyball, 8LXD, EV 102.5 MPH)
|
|
Batting: RHB Andy Chess
|
0-0: Ball 1-0: Ball 2-0: Ball 3-0: Called Strike 3-1: Ground out 6-3 (Groundball, 6, EV 85.6 MPH)
|
|
Batting: SHB Justin Toth
|
0-0: Foul Ball, location: 2F 0-1: Ball 1-1: Foul Ball, location: 2F 1-2: Fly out, F3 (Popup, 3L, EV 66.3 MPH)
|
|
Batting: SHB Tony Pantaleon
|
0-0: Called Strike 0-1: SINGLE (Groundball, 6MD, EV 96.9 MPH) Dermott Neill to third Runner from 3rd tries for Home, SAFE, throw by CF to home
|
|
Batting: LHB Andrew Erens
|
0-0: Ball 1-0: Ball 2-0: Swinging Strike 2-1: Ball 3-1: Base on Balls Tony Pantaleon to second
|
|
Batting: RHB Danny Merrill
|
0-0: Ball 1-0: Foul Ball, location: 2F 1-1: Ball 2-1: Swinging Strike 2-2: Strikes out swinging
|
| Bottom of the 4th over - 1 run, 2 hits, 0 errors, 2 left on base; Erie 1 - Bowie 2 |
| TOP OF THE 5TH |
|
Erie SeaWolves batting - Pitching for Bowie Baysox : RHP Andy Rondeau
|
|
Batting: RHB Sergio Valbuena
|
0-0: Ground out 1-3 (Groundball, 13S, EV 71.9 MPH)
|
|
Batting: SHB Mike Kirk
|
0-0: Called Strike 0-1: Ground out 4-3 (Groundball, 4M, EV 77.5 MPH)
|
|
Batting: RHB Yaremka Rzhevsky
|
0-0: Called Strike 0-1: DOUBLE (Line Drive, 9LS, EV 99.4 MPH)
|
|
Batting: RHB Josh Stinnett
|
0-0: Ball 1-0: Called Strike 1-1: Ball 2-1: Ball 3-1: Called Strike 3-2: Strikes out swinging
|
| Top of the 5th over - 0 runs, 1 hit, 0 errors, 1 left on base; Erie 1 - Bowie 2 |
| BOTTOM OF THE 5TH |
|
Bowie Baysox batting - Pitching for Erie SeaWolves : LHP John McRight
|
|
Batting: SHB Eric Tiehen
|
0-0: SINGLE (Flyball, 4MD, EV 95.6 MPH)
|
|
Batting: RHB Orlando Melchor
|
0-0: Ball Eric Tiehen is caught stealing 2nd base 2-4 1-0: Ball 2-0: Called Strike 2-1: Ball 3-1: Ground out 6-3 (Groundball, 6, EV 86.3 MPH)
|
|
Batting: SHB Ryan Palermo
|
0-0: Ball 1-0: Ball 2-0: Called Strike 2-1: Called Strike 2-2: SINGLE (Line Drive, 4MD, EV 100.0 MPH)
|
|
Batting: RHB Dermott Neill
|
0-0: Foul Ball, location: 2F 0-1: Reached on error, E5 (Groundball, 5, EV 84.4 MPH) Ryan Palermo to second
|
|
Batting: RHB Andy Chess
|
0-0: Swinging Strike 0-1: Ball 1-1: Swinging Strike 1-2: Strikes out looking
|
| Bottom of the 5th over - 0 runs, 2 hits, 1 error, 2 left on base; Erie 1 - Bowie 2 |
| TOP OF THE 6TH |
|
Erie SeaWolves batting - Pitching for Bowie Baysox : RHP Andy Rondeau
|
|
Batting: RHB Steve Clark
|
0-0: Ground out 5-3 (Groundball, 5S, EV 70.0 MPH)
|
|
Batting: RHB Dave Calder
|
0-0: Ball 1-0: Fly out, F7 (Flyball, 78S, EV 86.9 MPH)
|
|
Batting: RHB Joel Miller
|
0-0: Ball 1-0: Ball 2-0: Ball 3-0: Called Strike 3-1: Base on Balls
|
|
Batting: LHB Oscar Gonzalez
|
0-0: Ground out 4-3 (Groundball, 4, EV 103.1 MPH)
|
| Top of the 6th over - 0 runs, 0 hits, 0 errors, 1 left on base; Erie 1 - Bowie 2 |
| BOTTOM OF THE 6TH |
|
Bowie Baysox batting - Pitching for Erie SeaWolves : LHP John McRight
|
|
Batting: SHB Justin Toth
|
0-0: Ground out 6-3 (Groundball, 6, EV 107.5 MPH)
|
|
Batting: SHB Tony Pantaleon
|
0-0: Ball 1-0: Called Strike 1-1: Ball 2-1: Foul Ball, location: 2F 2-2: Foul Ball, location: 2F 2-2: SINGLE (Groundball, 6, EV 94.4 MPH)
|
|
Batting: LHB Andrew Erens
|
0-0: Ground out 5-3 (Groundball, 56, EV 85.6 MPH) Tony Pantaleon to second
|
|
Batting: RHB Danny Merrill
|
0-0: Swinging Strike 0-1: Ball 1-1: Swinging Strike 1-2: Strikes out swinging
|
| Bottom of the 6th over - 0 runs, 1 hit, 0 errors, 1 left on base; Erie 1 - Bowie 2 |
| TOP OF THE 7TH |
|
Erie SeaWolves batting - Pitching for Bowie Baysox : RHP Andy Rondeau
|
|
Batting: RHB Dusty Newman
|
0-0: Foul Ball, location: 2F 0-1: Ball 1-1: Ball 2-1: SINGLE (Line Drive, 9S, EV 95.6 MPH)
|
|
Pinch Hitting: LHB Takuya Uchida
|
0-0: Called Strike 0-1: Ball 1-1: Called Strike 1-2: Strikes out swinging
|
|
Batting: SHB Mike Kirk
|
0-0: Called Strike 0-1: Foul Ball, location: 2F 0-2: Ball 1-2: Fly out, F8 (Flyball, 8RXD, EV 93.8 MPH)
|
|
Batting: RHB Yaremka Rzhevsky
|
0-0: Foul Ball, location: 2F 0-1: Ball 1-1: Fly out, F9 (Flyball, 89S, EV 85.0 MPH)
|
| Top of the 7th over - 0 runs, 1 hit, 0 errors, 1 left on base; Erie 1 - Bowie 2 |
| BOTTOM OF THE 7TH |
|
Bowie Baysox batting - Pitching for Erie SeaWolves : LHP John McRight
|
|
Pitching: RHP Bryan Hallman
|
|
|
Now at 3B: Josh Stinnett
|
|
|
Now at SS: Travis Newton
|
|
|
Batting: SHB Eric Tiehen
|
0-0: SINGLE (Groundball, P, EV 80.0 MPH) (infield hit)
|
|
Batting: RHB Orlando Melchor
|
0-0: Sac Bunt to 15S - play at first, batter OUT! 1-4 Eric Tiehen to second
|
|
Batting: SHB Ryan Palermo
|
0-0: Foul Ball, location: 2F 0-1: Ball 1-1: Called Strike 1-2: Foul Ball, location: 2F 1-2: Ball 2-2: Ground out 5-3 (Groundball, 56S, EV 71.9 MPH) Eric Tiehen to third
|
|
Batting: RHB Dermott Neill
|
0-0: Ball 1-0: Ball 2-0: Ball 3-0: Base on Balls
|
|
Batting: RHB Andy Chess
|
0-0: Ball 1-0: Ball 2-0: Ball 3-0: Called Strike 3-1: Foul Ball, location: 2F 3-2: Fly out, F8 (Flyball, 8LXD, EV 96.3 MPH)
|
| Bottom of the 7th over - 0 runs, 1 hit, 0 errors, 2 left on base; Erie 1 - Bowie 2 |
| TOP OF THE 8TH |
|
Erie SeaWolves batting - Pitching for Bowie Baysox : RHP Andy Rondeau
|
|
Batting: RHB Josh Stinnett
|
0-0: Ball 1-0: Ball 2-0: Swinging Strike 2-1: Foul Ball, location: 2F 2-2: Ball 3-2: Ground out 6-3 (Groundball, 6, EV 88.1 MPH)
|
|
Pitching: RHP Mike Wheeler
|
|
|
Batting: RHB Steve Clark
|
0-0: Called Strike 0-1: Foul Ball, location: 2F 0-2: Ball 1-2: SOLO HOME RUN (Flyball, 78XD, EV 110.0 MPH), Distance : 410 ft
|
|
Batting: RHB Dave Calder
|
0-0: Ball 1-0: Foul Ball, location: 2F 1-1: Ball 2-1: Called Strike 2-2: Ball 3-2: Base on Balls
|
|
Batting: RHB Joel Miller
|
0-0: Swinging Strike 0-1: Ball 1-1: Ball 2-1: Ball 3-1: Called Strike 3-2: Fly out, F8 (Line Drive, 8LD, EV 90.0 MPH)
|
|
Batting: LHB Oscar Gonzalez
|
0-0: Swinging Strike 0-1: Ball 1-1: Called Strike 1-2: Ground out 1-3 (Groundball, P, EV 63.8 MPH)
|
| Top of the 8th over - 1 run, 1 hit, 0 errors, 1 left on base; Erie 2 - Bowie 2 |
| BOTTOM OF THE 8TH |
|
Bowie Baysox batting - Pitching for Erie SeaWolves : RHP Bryan Hallman
|
|
Batting: SHB Justin Toth
|
0-0: Ball 1-0: Ball 2-0: Ball 3-0: Called Strike 3-1: Called Strike 3-2: Strikes out swinging
|
|
Batting: SHB Tony Pantaleon
|
0-0: Ball 1-0: Called Strike 1-1: Ball 2-1: Swinging Strike 2-2: Strikes out swinging
|
|
Batting: LHB Andrew Erens
|
0-0: Ball 1-0: SINGLE (Line Drive, 8LM, EV 93.1 MPH)
|
|
Batting: RHB Danny Merrill
|
Pickoff Throw to First - Error! E1 Andrew Erens to second 0-0: Foul Ball, location: 2F 0-1: Ground out 4-3 (Groundball, 34, EV 101.3 MPH)
|
| Bottom of the 8th over - 0 runs, 1 hit, 1 error, 1 left on base; Erie 2 - Bowie 2 |
| TOP OF THE 9TH |
|
Erie SeaWolves batting - Pitching for Bowie Baysox : RHP Mike Wheeler
|
|
Pitching: RHP Tony Huete
|
|
|
Batting: LHB Gabe Mendez
|
0-0: DOUBLE (Flyball, 8LD, EV 93.8 MPH)
|
|
Batting: RHB Travis Newton
|
0-0: SINGLE (Line Drive, 9S, EV 97.5 MPH) Gabe Mendez to third
|
|
Batting: SHB Mike Kirk
|
0-0: Ball Travis Newton steals 2nd base (no throw) 1-0: Foul Ball, location: 2F 1-1: Called Strike 1-2: Strikes out looking
|
|
Batting: RHB Yaremka Rzhevsky
|
0-0: Called Strike 0-1: Ground out 4-3 (Groundball, 4, EV 83.8 MPH)
|
|
Batting: RHB Josh Stinnett
|
0-0: Ball 1-0: Ball Wild Pitch! Gabe Mendez scores Travis Newton to third 2-0: Called Strike 2-1: Foul Ball, location: 2F 2-2: Foul Ball, location: 2F 2-2: Ball 3-2: Foul Ball, location: 2F 3-2: Strikes out swinging
|
| Top of the 9th over - 1 run, 2 hits, 0 errors, 1 left on base; Erie 3 - Bowie 2 |
| BOTTOM OF THE 9TH |
|
Bowie Baysox batting - Pitching for Erie SeaWolves : RHP Bryan Hallman
|
|
Pitching: RHP Chris Haselhorst
|
|
|
Batting: SHB Eric Tiehen
|
0-0: Called Strike 0-1: Ball 1-1: Ground out 4-3 (Groundball, 4, EV 107.5 MPH)
|
|
Pitching: LHP Valentin Ciubotariu
|
|
|
Batting: RHB Orlando Melchor
|
0-0: Ball 1-0: Ball 2-0: Ball 3-0: Called Strike 3-1: Base on Balls
|
|
Batting: SHB Ryan Palermo
|
0-0: Foul Ball, location: 2F 0-1: Foul Ball, location: 2F 0-2: Ball 1-2: Fielders Choice at 2nd, 4-6 (Groundball, 4, EV 88.8 MPH)
|
|
Batting: RHB Dermott Neill
|
0-0: SINGLE (Groundball, 6M, EV 81.9 MPH) (infield hit) Ryan Palermo to second
|
|
Batting: RHB Andy Chess
|
Balk! Ryan Palermo to third Dermott Neill to second 0-0: Intentional Walk
|
|
Pinch Hitting: RHB Dan Staggs
|
0-0: Called Strike 0-1: SINGLE (Groundball, 6MD, EV 95.0 MPH) Ryan Palermo scores Dermott Neill to third Andy Chess to second Runner from 3rd tries for Home, SAFE, throw by CF to home
|
| Bottom of the 9th over - 2 runs, 2 hits, 0 errors, 0 left on base; Erie 3 - Bowie 4 |
| |
|
Game Over ... Bowie defeats Erie, 4 to 3
|
|
|